 Dungeon Crawl Stone Soup version 0.29-a0-504-gec6baf379c (webtiles) character file.

Game seed: 12816091189932348276

919 Bruhh the Covered (level 8, -4/48 HPs)
             Began as a Gargoyle Fighter on May 28, 2022.
             Killed from afar by Dowan (14 damage)
             ... with a shard of ice
             ... on level 5 of the Dungeon.
             The game lasted 00:03:48 (2902 turns).

Bruhh the Covered (Gargoyle Fighter)                Turns: 2902, Time: 00:03:50

Health: -4/48      AC: 14    Str: 26    XL:     8   Next: 9%
Magic:  8/8        EV:  9    Int:  9    God:
Gold:   136        SH:  9    Dex:  9    Spells: 7/7 levels left

rFire   x . .      SeeInvis .   a - +0 war axe
rCold   + + .      Faith    .   c - +0 buckler
rNeg    + . .      Spirit   .   A - +1 scale mail {rC+}
rPois   ∞          Reflect  +   (no helmet)
rElec   +          Harm     .   (no cloak)
rCorr   +          Rampage  .   (no gloves)
Will    .....                   (no boots)
Stlth   +.........              B - amulet of Otuimur {Reflect rCorr Str+4 SH+5 Stlth+}
HPRegen 0.16/turn               n - +4 ring of slaying
MPRegen 0.11/turn               v - ring of ice

@: no status effects
A: sickness immunity, AC +5, negative energy resistance 1, electricity
resistance, torment resistance 1, petrification resistance
a: no special abilities


You were on level 5 of the Dungeon.
You visited 1 branch of the dungeon, and saw 5 of its levels.

You collected 136 gold pieces.

Inventory:

Hand Weapons
 a - a +0 war axe (weapon)
Armour
 b - a +0 scale mail
 c - a +0 buckler (worn)
 i - a +0 plate armour
 A - a +1 scale mail of cold resistance (worn)
Jewellery
 j - an amulet of reflection
 n - a +4 ring of slaying (left hand)
 v - a ring of ice (right hand)
 w - a ring of fire
 B - the amulet of Otuimur (around neck) {Reflect rCorr Str+4 SH+5 Stlth+}
   (You found it on level 4 of the Dungeon)

   [amulet of reflection]

   It reflects blocked missile attacks.
   Str:       It affects your strength (+4).
   rCorr:     It protects you from acid and corrosion.
   SH:        It affects your SH (+5).
   Stlth:     It makes you more stealthy.
Wands
 m - a wand of acid (3)
 r - a wand of mindburst (30)
Scrolls
 e - 6 scrolls of identify {unknown}
 l - a scroll of poison {unknown}
 o - a scroll of magic mapping {unknown}
 p - a scroll of immolation {unknown}
 q - 2 scrolls of fear {unknown}
 s - a scroll of summoning {unknown}
 x - 2 scrolls of enchant weapon {unknown}
 y - a scroll of teleportation {unknown}
 C - a scroll of fog {unknown}
Potions
 d - a potion of might
 f - a potion of invisibility {unknown}
 g - 2 potions of magic
 k - a potion of attraction {unknown}
 t - a potion of mutation {unknown}
 u - a potion of flight {unknown}
 z - a potion of haste {unknown}
 D - a potion of heal wounds {unknown}


   Skills:
 - Level 4.0 Fighting
 + Level 6.0 Axes
 + Level 7.3 Armour
 - Level 3.2 Shields


You had 7 spell levels left.
You didn't know any spells.
Your spell library contained the following spells:

 Spells                   Type           Power      Damage    Failure   Level
 Cause Fear               Hex            0%         N/A       100%        4
 Dragon Form              Tmut           0%         N/A       100%        7
 Dragon's Call            Summ           0%         N/A       100%        9


Dungeon Overview and Level Annotations

Branches:
Dungeon (5/15)
 Temple: D:4-7

Altars:
Ru
Sif Muna
The Shining One

Shops:
D:2 *

Annotations:
D:4 1 exclusion
D:5 Dowan


Innate Abilities, Weirdness & Mutations

You are immune to sickness and miasma.
Your stone body is resilient. (AC +5)
You are immune to poison.
You resist negative energy. (rN+)
You are resistant to electric shocks. (rElec)
You are resistant to unholy torment.
You are immune to petrification.


Message History

Dowan casts a spell.
Dowan blinks!
The ogre hits you with a +0 giant club!
You are too injured to fight recklessly!
You are too injured to fight recklessly!
Unknown command.
You are too injured to fight recklessly!
You are too injured to fight recklessly!
You slash the ogre!
You kill the ogre!
You hit Dowan. Dowan closely misses you.
Dowan points at you and mumbles some strange words.
The shard of ice hits you! You partially resist.
* * * LOW HITPOINT WARNING * * *
You block the orc's attack.
Your Axes skill increases to level 6!
You have reached level 8!
You feel clever.
You miss Dowan.
Dowan is lightly wounded.
You barely miss the orc.
Dowan breathes, "And she was my only..."
Dowan gestures wildly while chanting.
Dowan blinks!
You block the orc's attack.
Unknown command.
You slice the orc!!
You kill the orc!
You block the hound's attack.
You closely miss the hound. The hound bites you but does no damage.
The hound bites you.
* * * LOW HITPOINT WARNING * * *
It was a potion of magic.
Magic courses through your body. You block the hound's attack.
It was a potion of cancellation.
Your magical effects are unravelling.
You feel magically purged.
You feel a little less mighty now. The hound barely misses you.
Dowan points at you and mumbles some strange words.
The shard of ice hits you! You partially resist.
You die...

#≈#.... ≈#...
≈.... ... .o.
#c# #h# ### #@#
#.. ####e#
#...#....#
#...#.#######.#
+......<.......
#...#.######.##
##...#.####
#.........#
#.........#


You could see Dowan (fast), a centaur, a hound and an orc.

Vanquished Creatures
  Grinder (D:4)
  Duvessa (D:5)
  An ice beast (D:4)
  An ogre (D:5)
  A wight (D:4)
  A necrophage (D:4)
  A jelly (D:4)
  A hound (D:4)
  An iguana (D:4)
  An orc wizard (D:5)
  Terence (D:3)
  2 hound zombies (D:4)
  A mummy (D:4)
  A howler monkey zombie (D:4)
  4 gnolls
  3 adders
  An ufetubus (D:5)
  An adder zombie (D:4)
  2 worms (D:4)
  9 orcs
  7 endoplasms
  4 giant cockroaches
  5 goblins
  4 hobgoblins
  3 jackals
  3 kobolds
  3 quokkas (D:4)
  7 ball pythons
  5 bats
  A frilled lizard (D:1)
  3 rats
80 creatures vanquished.

Notes
Turn   | Place    | Note
-------+----------+-------------------------------------------
     0 | D:1      | Bruhh the Gargoyle Fighter began the quest for the Orb.
     0 | D:1      | Reached XP level 1. HP: 14/14 MP: 1/1
   143 | D:1      | Reached XP level 2. HP: 14/19 MP: 2/2
   537 | D:1      | Reached XP level 3. HP: 9/24 MP: 3/3
  1030 | D:2      | Found Roic's General Store.
  1310 | D:3      | Reached XP level 4. HP: 29/29 MP: 4/4
  1410 | D:3      | Reached skill level 4 in Armour
  1490 | D:3      | You fall into a shaft and drop 1 floor!
  1560 | D:4      | Noticed an ice beast
  1681 | D:3      | Noticed Terence
  1685 | D:3      | Killed Terence
  1686 | D:3      | Reached XP level 5. HP: 32/33 MP: 5/5
  1874 | D:4      | Killed an ice beast
  1875 | D:4      | Reached skill level 5 in Armour
  1875 | D:4      | Reached XP level 6. HP: 31/38 MP: 6/6
  1962 | D:4      | Found a shimmering blue altar of Sif Muna.
  1964 | D:4      | Found a glowing golden altar of the Shining One.
  2043 | D:4      | Found a sacrificial altar of Ru.
  2368 | D:4      | Reached XP level 7. HP: 39/43 MP: 7/7
  2376 | D:4      | Identified the amulet of Otuimur {Reflect rCorr Str+4 SH+5
                  | Stlth+}
  2415 | D:4      | Reached skill level 6 in Armour
  2493 | D:4      | Reached skill level 5 in Axes
  2656 | D:4      | Noticed Grinder
  2675 | D:4      | Killed Grinder
  2865 | D:5      | Entered Level 5 of the Dungeon
  2876 | D:5      | Noticed Duvessa
  2878 | D:5      | Noticed Dowan
  2884 | D:5      | Killed Duvessa
  2885 | D:5      | Reached skill level 7 in Armour
  2898 | D:5      | Reached XP level 8. HP: 11/48 MP: 8/8
  2902 | D:5      | Killed from afar by Dowan

Illustrated notes

Levels and vault maps discovered:
D:1:      minmay_arrival_four_houses, layout_loops_ring
D:2:      layout_basic, serial_shops, nicolae_square_shop
D:3:      layout_basic, uniq_terence
D:4:      kennysheep_spiral_hall, layout_basic, kennysheep_mini,
          lemuel_mausoleum_altar_kikubaaqudgha,
          chequers_temple_overflow_statue_of_worship, uniq_grinder
D:5:      layout_basic, serial_rivers, chequers_serial_rivers_large_b,
          chequers_serial_rivers_micro_a, chequers_serial_rivers_micro_e,
          chequers_serial_rivers_micro_a, chequers_serial_rivers_micro_c,
          chequers_serial_rivers_room_b, amcnicky_mini_corridor_feature,
          kennysheep_doodads, uniq_eustachio, uniq_duvessa, uniq_prince_ribbit1,
          uniq_blork_the_orc, uniq_sigmund

Skill      XL: |  1  2  3  4  5  6  7 |
---------------+----------------------+-----
Axes           | 2 3 4 6 |  6.0
Fighting       | 4 |  4.0
Armour         | 4 5 7 |  7.3
Shields        | |  3.2

Action                   |  1- 3 |  4- 6 |  7- 9 || total
-------------------------+-------+-------+-------++-------
Melee: War axe           |    61 |    84 |    44 ||   189
  Use: Potion            |       |       |     4 ||     4
Armor: Scale mail        |    19 |    27 |     9 ||    55
       Plate armour      |    29 |    17 |       ||    46
Dodge: Dodged            |    26 |    30 |    12 ||    68
Block: Buckler           |    12 |    39 |    22 ||    73
       Reflection        |       |       |     4 ||     4

Table legend: (Time is in decaauts)
 A = Elapsed time spent in this place.
 B = Non-inter-level travel time spent in this place.
 C = Inter-level travel time spent in this place.
 D = Time resting spent in this place.
 E = Time spent auto-exploring this place.
 F = Levels seen in this place.
 G = Mean time per level.
                   A        B        C        D        E       F      G
               +--------+--------+--------+--------+--------+-----+--------+
         Total |   2968 |   2859 |    109 |      0 |   2226 |   5 |  593.6 |
       Dungeon |   2968 |   2859 |    109 |      0 |   2226 |   5 |  593.6 |
               +--------+--------+--------+--------+--------+-----+--------+

Top non-repeatable levels by time:
     D:4: 1099 daAuts
     D:1: 955 daAuts
     D:3: 504 daAuts
     D:2: 368 daAuts
     D:5: 41 daAuts
